Cogmind - Beta 13 @@@ ROGUE MODE // 2024.07.28 @ 10:33:47 Player: AbsoluteZero Result: Destroyed by G-47 Trooper with Particle Gun Performance ------------- Evolutions (0) 0 Regions Visited (1) 200 Robots Destroyed (6) 30 Value Destroyed (47) 47 Prototype IDs (0) 0 Alien Tech Used (0) 0 Bonus (0) 0 TOTAL SCORE: 277 Bonus ------- None Cogmind --------- Core Integrity 0/250 Matter 300/300 Energy 100/100 System Corruption 0% Temperature Cool (9) Movement Core (150) Ox2 Location -10/Materials Parts ------- > --- POWER (1) -------- (None) > --- PROPULSION (2) --- (None) > --- UTILITY (2) ------ Small Storage Unit > --- WEAPON (2) ------- Medium Laser > --- INVENTORY (8) ---- Light Ion Engine Wheel Wheel Wheel Wheel Grenade Launcher Peak State ------------ > --- POWER ------------ Ion Engine > --- PROPULSION ------- Light Treads Light Treads > --- UTILITY ---------- Small Storage Unit Seismic Detector > --- WEAPON ----------- Medium Laser Light Assault Rifle > --- INVENTORY -------- Light Ion Engine Wheel Wheel [Rating: 7] Favorites ----------- Power Ion Engine Engine Ion Engine Propulsion Light Treads Treads Light Treads Utility Small Storage Unit Device Seismic Detector Storage Small Storage Unit Weapon Medium Laser Energy Gun Medium Laser Ballistic Gun Light Assault Rifle Build | -11 -10 ------- Run | Yrd Mat Slots Evolved . | . . Power . | . . Propulsion . | . . Utility . | . . Weapon . | . . Parts Attached 7 | 7 . Power 1 | 1 . Engine 1 | 1 . Core . | . . Reactor . | . . Propulsion 2 | 2 . Treads 2 | 2 . Leg . | . . Wheel . | . . Hover . | . . Flight . | . . Utility 2 | 2 . Device 1 | 1 . Storage 1 | 1 . Processor . | . . Hackware . | . . Protection . | . . Artifact . | . . Weapon 2 | 2 . Energy Gun 1 | 1 . Energy Cannon . | . . Ballistic Gun 1 | 1 . Ballistic Cannon . | . . Launcher . | . . Special Weapon . | . . Impact Weapon . | . . Slashing Weapon . | . . Piercing Weapon . | . . Special Melee Weapon . | . . Unidentified Prototypes . | . . Parts Lost 5 | . 5 Power 1 | . 1 Propulsion 2 | . 2 Utility 1 | . 1 Weapon 1 | . 1 Highest Loss Streak 5 | . 5 To Critical Strikes . | . . Average Slot Usage (%) 84 | . 84 Engine 8 | . 8 Treads 23 | . 23 Device 12 | . 12 Storage 14 | . 14 Energy Gun 14 | . 14 Ballistic Gun 12 | . 12 Naked Turns . | . . Heaviest Build 14 | 14 14 Greatest Support 40 | 40 40 Greatest Overweight (x) . | . . Average Overweight (x) . | . . Largest Inventory Capacity 8 | 8 8 Average Capacity 7 | 7 8 Most Carried 6 | 5 6 Average Carried 4 | 2 5 Final Capacity 8 | 8 8 Final Carried 6 | 5 6 Class Distribution -------------------- 100% | Mutant Dominant Class ---------------- Mutant | -10/Materials Resources | -11 -10 ----------- Run | Yrd Mat Matter Collected 288 | 274 14 Remotely . | . . Salvage Created 175 | 138 37 Parts 11 | 9 2 Haulers Intercepted . | . . Recyclers Shooed 1 | 1 . Parts Field Recycled . | . . Retrieved Matter . | . . Parts Self-Destructed . | . . Prevented . | . . Kills | -11 -10 ------- Run | Yrd Mat Combat Hostiles Destroyed 2 | . 2 Guns 2 | . 2 Classes Destroyed 3 | 2 1 Tunneler 3 | 3 . Recycler 1 | 1 . Swarmer 2 | . 2 Best Kill Streak 2 | 2 2 Combat Bots Only 2 | . 2 Max Kills in Single Turn 1 | 1 1 Gunslinging . | . . Exploded . | . . Melee . | . . Uniques/NPCs Destroyed . | . . Combat | -11 -10 -------- Run | Yrd Mat Hostile Shots Fired 77 | . 77 Missed 11 | . 11 Damage Taken 780 | . 780 Core 250 | . 250 Absorbed by Shields . | . . Core Remaining (%) 100 | 100 . Volleys Fired 32 | 14 18 Largest 2 | 2 2 Hottest 70 | 70 70 Shots Fired 62 | 28 34 Gun 62 | 28 34 Cannon . | . . Launcher . | . . Special . | . . Kinetic 32 | 14 18 Thermal 30 | 14 16 Explosive . | . . Electromagnetic . | . . Robot Hit Streak 13 | 4 13 Robot Miss Streak 3 | 2 3 Penetration Max . | . . Secondary Targets . | . . Shots Hit Robots 37 | 16 21 Core Hits 12 | 6 6 Critical Kills . | . . Critical Parts Destroyed . | . . Critical Strikes . | . . Melee Attacks . | . . Impact . | . . Slashing . | . . Piercing . | . . Sneak Attacks . | . . Combat Hostiles . | . . Follow-up Attacks . | . . Damage Inflicted 384 | 174 210 Guns 384 | 174 210 Cannons . | . . Explosions . | . . Melee . | . . Ramming . | . . Kinetic 142 | 47 95 Thermal 242 | 127 115 Explosive . | . . Electromagnetic . | . . Impact . | . . Slashing . | . . Piercing . | . . Highest Corruption . | . . Average Corruption . | . . Corruption Purged . | . . Corruption Blocked . | . . Overload Shots . | . . Overflow Damage . | . . Projectiles . | . . Explosions . | . . Melee . | . . Knockbacks . | . . Impact . | . . Kinetic . | . . Secondary . | . . Self-Inflicted Damage . | . . Shots . | . . Rammed . | . . Targets Rammed . | . . Kicked . | . . Crushed . | . . Highest Temperature 293 | 90 293 Average Temperature 89 | 34 132 Received Heat Transfer 357 | . 357 Effects 2 | . 2 Energy Bleed 1 | . 1 Interference 1 | . 1 Siege Activations . | . . Robots Corrupted . | . . Combat Hostiles . | . . Parts Fried . | . . Impact Corruptions . | . . Robots Melted . | . . Combat Hostiles . | . . Parts Melted . | . . Heat Transferred 703 | 370 333 Parts Sabotaged . | . . Parts Stolen . | . . Parts Stripped . | . . Power Chain Reactions . | . . Alert | -11 -10 ------- Run | Yrd Mat Peak Influence 108 | 20 108 Initial 13 | . 13 Average 33 | 7 67 Maximum Alert Level . | . . Low Security (%) 100 | 100 100 Level 1 . | . . Level 2 . | . . Level 3 . | . . Level 4 . | . . Level 5 . | . . High Security . | . . Max Security . | . . Squads Dispatched 1 | . 1 Investigation . | . . Extermination . | . . Reinforcement 1 | . 1 Assault . | . . Garrison . | . . Intercept . | . . Searches Triggered . | . . Construction Impeded . | . . Haulers Reinforced . | . . Active Scanning Responses . | . . Cargo Convoy Interrupts . | . . Stealth | -11 -10 --------- Run | Yrd Mat Distress Signals . | . . Communications Jammed . | . . Distress Signals . | . . Times Spotted 8 | . 8 Peak Tracking Total 5 | . 5 Tactical Retreats . | . . Traps | -11 -10 ------- Run | Yrd Mat Traps Triggered . | . . Indirectly . | . . Trap Hack Attempts . | . . Triggered . | . . Disarmed . | . . Reprogrammed . | . . Reused . | . . Traps Extracted . | . . Installed . | . . Triggered . | . . Machines | -11 -10 ---------- Run | Yrd Mat Machines Disabled . | . . Max in Single Turn . | . . Machines Repaired . | . . Machines Dismantled . | . . Machines Sabotaged . | . . Overloaded Fab Kills . | . . Hacking | -11 -10 --------- Run | Yrd Mat Machines Accessed . | . . Terminals . | . . Fabricators . | . . Repair Stations . | . . Recycling Units . | . . Scanalyzers . | . . Garrison Access . | . . Total Hacks . | . . Successful . | . . Failed . | . . Catastrophic . | . . Database Lockouts . | . . Manual . | . . Terminals . | . . Fabricators . | . . Repair Stations . | . . Recycling Units . | . . Scanalyzers . | . . Garrison Access . | . . Terminal Hacks . | . . Fabricator Hacks . | . . Repair Station Hacks . | . . Recycling Unit Hacks . | . . Scanalyzer . | . . Garrison Access Hacks . | . . Unauthorized Hacks . | . . Terminals . | . . Fabricators . | . . Repair Stations . | . . Recycling Units . | . . Scanalyzers . | . . Garrison Access . | . . Data Cores Recovered . | . . Used . | . . Hacking Detections . | . . Full Trace Events . | . . Feedback Events . | . . Feedback Blocked . | . . Robot Schematics Acquired . | . . Robots Built . | . . Authchips . | . . Time . | . . Total Robot Build Rating . | . . Part Schematics Acquired . | . . Parts Built . | . . Authchips . | . . Time . | . . Total Part Build Rating . | . . Parts Repaired . | . . Time . | . . Parts Recycled . | . . Recycled Matter . | . . Retrieved Matter . | . . Retrieved Components . | . . Parts Scanalyzed . | . . Part Schematics Acquired . | . . Parts Damaged . | . . Bothacking | -11 -10 ------------ Run | Yrd Mat Used RIF Installer . | . . Robots Hacked . | . . Non-combat . | . . Combat . | . . Robot Hacks Applied . | . . Relay Couplers Released . | . . Fabnet Peak Effective % . | . . Robots Rewired . | . . Allies Hacked . | . . Hacks Repelled . | . . Allies | -11 -10 -------- Run | Yrd Mat Total Allies . | . . Largest Group . | . . Highest-Rated Group . | . . Highest-Rated Ally . | . . Total Orders . | . . Ally Attacks . | . . Total Damage . | . . Kills . | . . Allies Corrupted . | . . Allies Melted . | . . Intel | -11 -10 ------- Run | Yrd Mat Robot Analysis Total . | . . Derelict Logs Recovered . | . . Drone Launches . | . . Drone Recoveries . | . . Exploration | -11 -10 ------------- Run | Yrd Mat Turns Passed 333 | 189 144 Spaces Moved 114 | 90 24 Core 8 | 8 . Treads 106 | 82 24 Legs . | . . Wheels . | . . Hover . | . . Flight . | . . Fastest Speed 50 | 50 160 Average Speed 152 | 150 160 Slowest Speed 160 | 160 160 Overloaded Moves . | . . Propulsion Burnouts . | . . Robots Hopped . | . . Cave-ins Triggered . | . . Exploration Rate (%) 8 | 7 10 Regions Visited 1 Branch Regions . Pre-discovered Areas . | . . Known Exits Taken . | . . Unknown Exits Taken 1 | 1 . Scrap Searched . | . . Spaces Dug . | . . Terrain Destroyed . | . . Melee . | . . Projectile . | . . AOE . | . . Terrain Rammed . | . . Walls Destroyed . | . . Machines Disabled . | . . Actions | -11 -10 --------- Run | Yrd Mat Total 214 | 115 99 Wait 56 | . 56 Move 113 | 89 24 Hop . | . . Pick Up 6 | 5 1 Fast Attach 7 | 7 . Attach . | . . Detach . | . . Swap . | . . Drop . | . . Fire 32 | 14 18 Melee . | . . Ram . | . . Kick . | . . Crush . | . . Escape Stasis . | . . Rewire . | . . Trap . | . . Miscellaneous . | . . Route ------- -11/Scrapyard -10/Materials History --------- Turn | Location | Event 3 | -11/Scrapyard | Discovered new exit (range 16) 190 | -11/Scrapyard | Entered Materials 308 | -10/Materials | Build established: Mutant 320 | -10/Materials | Core integrity fell below 50% 333 | -10/Materials | Core integrity fell below 20% 334 | -10/Materials | Destroyed by G-47 Trooper with Particle Gun Last Messages --------------- 00280_ R-06 Scavenger collects Wheel. 00283_ R-06 Scavenger collects Sml. Matter Pod. 00284_ R-06 Scavenger suffers critical hit (Burn). 00285_ K-01 Serf collects debris. 00288_ Lgt. Treads destroyed. 00289_ K-01 Serf collects debris. 00290_ G-47 Trooper heat damages Particle Gun. 00291_ R-06 Scavenger collects Lgt. Assault Rifle. 00293_ K-01 Serf collects debris. 00294_ R-06 Scavenger collects Lgt. Ion Engine. 00297_ K-01 Serf collects debris. 00311_ Acquired 14 matter. 00311_ K-01 Serf collects debris. 00314_ Seismic Detector destroyed. 00316_ U-05 Engineer builds a Door. 00316_ Lgt. Assault Rifle destroyed. 00320_ Critical hit (Burn: +37). 00330_ Lgt. Treads destroyed. Map ----- +----------------------------------------------------+ | ???????????????????????????????????????????????? | | ???????????????????????????????????????????????? | | ???????????????????????????????????????????????? | | ???????????????????????????????????????????????? | | ???????????????????????????????????????????????? | | ???????????????????????????????????????????????? | | ???????????????????????????????????????????????? | | ?????????????????????????? ????????????????????? | | ?????????????????????????? ????????????????????? | | ?????????????????????????? ????????????????????? | | ?????????????????????????? ????????????????????? | | ?????????????????????????? ????????? ??????????? | | ?????????????????????????? ???????? ??????????? | | ???????????????????????### ????### #?????????? | | ???????????????????????# ? ???????????? | | ???????????????????????# ^ ????????????? | | ???????????????????????# """ ?????????????? | | ???????????????????????# """ #??????????????? | | ???????????????????????# """ #??????????????? | | ???????????????????????# ???????????????? | | ???????????????????????# ?????????????????? | | ???????????????????????# % ???????????????????? | | ???????????????????????##+######???????????????? | | ???????????????????????# %g #???????????????? | | ???????????????????????#gs #???????????????? | | ???????????????????????# @ #???????????????? | | ???????????????????????# #???????????????? | | ???????????????????????# #???????????????? | | ???????????????????????# #???????????????? | | ?????????????????##+######+###########?????????? | | ???????????? #?????????? | | ???????????? #?????????? | | ???????????? #?????????? | | ?????????????## ###############+####?????????? | | ??????????????????????????????# #?????????? | | ??????????????????????????????# #?????????? | | ??????????????????????????????# #?????????? | | ??????????????????????????????# #?????????? | | ??????????????????????????????# #?????????? | | ??????????????????????????????# #?????????? | | ??????????????????????????????########?????????? | | ???????????????????????????????????????????????? | | ???????????????????????????????????????????????? | | ???????????????????????????????????????????????? | | ???????????????????????????????????????????????? | | ???????????????????????????????????????????????? | | ???????????????????????????????????????????????? | | ???????????????????????????????????????????????? | | ???????????????????????????????????????????????? | | ???????????????????????????????????????????????? | +----------------------------------------------------+ Best States ------------- Heat Dissipation 25 Energy Generation 10 Energy Capacity 250 Matter Stores 300 Matter Capacity 300 Sight Range 16 Terrain Scan Density 10 Evasion (%) 50 Recoil Reduction 2 Item Schematics ----------------- None Robot Schematics ------------------ None Fabricated ------------ Nothing Alien Tech Used ----------------- None Achievements -------------- None Challenges ------------ None Game ------ Seed SingularityMomentumInverter Manual? 0 Play Time 00:03:15 Cumulative 118.1 hours Start 2024.07.28 @ 10:31:14 End 2024.07.28 @ 10:33:47 Sessions 1 Manual Loads 0 Difficulty Rogue Special Mode None Game No. 133 Rogue 133 Adventurer 0 Explorer 0 Win Type - Total 1 Types 1/0/0/0/0/0/0/0/0 Lore% 50 Gallery% 51 Achievement% 44 Wizard Run 0 Options --------- Layout 1 ASCII 0 Keyboard 0 Movement Numpad Keybinds 0 Fullscreen 1 Font 24/Smallcaps Map View 50x35 Zoom Use 0% Tactical HUD 1 Map Filters NONE Filters NONE Steam 1 RUN: e67d07fc-d167-4aff-b17e-a8c5ab60134c